 Adventure DCSS version bcrawl-1.27.3 (webtiles) character file.

Game seed: 10658343182804872028

170326 galech the Chopper (level 7, 55/55 HPs)
             Began as a Demonspawn Fighter on July 31, 2020.
             Was an Initiate of Okawaru.
             Quit the game on level 6 of the Dungeon.
             The game lasted 00:05:42 (5810 turns).

galech the Chopper (Demonspawn Fighter)             Turns: 5810, Time: 00:05:43

Health: 55/55      AC:  8    Str: 22    XL:     7   Next: 66%
Magic:  7/7        EV:  9    Int: 10    God:    Okawaru [......]
Gold:   398        SH: 10    Dex: 14    Spells: 6/6 levels left
                                        Lives:  1   Deaths: 1

rFire    . . .     SeeInvis .   a - +0 war axe
rCold    + . .     Gourm    .   c - +0 medium shield
rNeg     . . .     Faith    .   b - +0 scale mail
rPois    .         Spirit   +   m - +0 helmet
rElec    .         Reflect  .   (no cloak)
rCorr    .         Harm     .   (no gloves)
MR       +....                  (no boots)
Stlth    ..........             A - amulet of guardian spirit
HPRegen  0.18/turn              i - ring of protection from magic
MPRegen  0.10/turn              (no ring)

@: mighty
A: repulsion field 1, cold resistance 1, rot immunity
a: Renounce Religion


You were on level 6 of the Dungeon.
You worshipped Okawaru.
Okawaru was noncommittal.
You were not hungry.

You visited 2 branches of the dungeon, and saw 7 of its levels.

You collected 398 gold pieces.

Inventory:

Hand Weapons
 a - a +0 war axe (weapon)
Armour
 b - a +0 scale mail (worn)
 c - a +0 medium shield (worn)
 m - a +0 helmet (worn)
Jewellery
 i - a ring of protection from magic (left hand)
 A - an amulet of guardian spirit (around neck)
Wands
 l - a wand of scattershot (7)
 x - a wand of iceblast (7)
Scrolls
 g - 2 scrolls of fog
 h - 6 scrolls of teleportation
 j - 2 scrolls of remove curse
 k - a scroll of fear
 p - 7 scrolls of identify
 r - a scroll of noise {unknown}
 t - a scroll of enchant weapon {unknown}
 u - 2 scrolls of magic mapping {unknown}
 y - 3 scrolls of amnesia {unknown}
Potions
 d - a potion of might
 f - a potion of flight
 n - a potion of brilliance
 q - a potion of agility {unknown}
 s - a potion of magic {unknown}
 w - 3 potions of heal wounds {unknown}
 z - a potion of ambrosia {unknown}
Comestibles
 e - 11 rations {!d}


   Skills:
 + Level 4.8 Fighting
 + Level 6.6 Axes
 + Level 5.5 Armour
 + Level 1.8 Dodging
 + Level 0.8 Stealth
 + Level 4.9 Shields


You had 6 spell levels left.
You didn't know any spells.
Your spell library was empty.

Dungeon Overview and Level Annotations

Branches:
Dungeon (6/12)             Temple (1/1) D:5

Altars:
Ashenzari
Dithmenos
Elyvilon
Fedhas
Gozag
Hepliaklqana
Kikubaaqudgha
Lugonu
Makhleb
Nemelex Xobeh
Okawaru
Qazlal
Ru
Sif Muna
Trog
Uskayaw
Vehumet
Wu Jian
Xom
Yredelemnul
Zin
The Shining One


Innate Abilities, Weirdness & Mutations

You are surrounded by a mild repulsion field. (EV +2)
Your flesh is cold resistant. (rC+)
You are immune to rotting.


Message History

You block the hippogriff's attack. The hippogriff claws you.
You die...
Xom reaches out...
You are now level 7!
You rejoin the land of the living...
You see here a +0 leather armour.
Really walk into a travel-excluded area?
The charred statue gestures at you. You block the puff of flame.
There is a radiant altar of Vehumet here.
You feel very mighty all of a sudden.
You hit the charred statue.
The charred statue is heavily damaged.
The charred statue gestures at you. You block the puff of flame.
You slash the charred statue!
You destroy the charred statue!
Okawaru accepts your kill.
There is a radiant altar of Vehumet here.
Are you sure you want to abandon this character and quit the game? (Confirm with "yes".)

#.####.# ####.##.##.####.
###.####.# ##.##.........
###........### #.........####
...#..#.##...# #..####...####
#..(#.##.#.#######...#
#...##..
##...................#
#...##.# #.#####..#########[.#
#...##.# #........#.......#.##
#...##.#
##.....#.#...@.....####...##.#
#.......#.......#......<...[.
#.).....#########............
#.....#......................
#.....###........###.....÷.##
####### ##.#.#...# #.....÷.#
#.#.###.# #.......# #.......#
#.......# ###.##### #.......#


There were no monsters in sight!

Vanquished Creatures
  A centaur zombie (D:6)
  An ice beast (D:5)
  A sky beast (D:4)
  An ogre (D:4)
  A big kobold (D:4)
  3 crimson imps
  A jelly (D:3)
  A hound (D:5)
  3 centaur skeletons
  Natasha (thrice) (D:4)
  6 worker ants
  A statue (D:6)
  Robin (D:2)
  4 gnolls
  7 adders
  2 oozes
  2 adder skeletons
  4 worms
  A dart slug (D:2)
  2 leopard geckos
  8 orcs
  2 giant cockroaches (D:2)
  8 hobgoblins
  13 jackals
  3 quokkas
  6 bats
  A frilled lizard (D:3)
  12 goblins
  8 kobolds
  2 rats
109 creatures vanquished.

Notes
Turn   | Place    | Note
-------+----------+-------------------------------------------
     0 | D:1      | galech the Demonspawn Fighter began the quest for the Orb.
     0 | D:1      | Reached XP level 1. HP: 18/18 MP: 1/1
   921 | D:2      | Reached skill level 2 in Axes
   921 | D:2      | Gained mutation: You are immune to rotting. [demonic
                  | ancestry]
   921 | D:2      | Reached XP level 2. HP: 16/24 MP: 2/2
  1038 | D:1      | Reached XP level 3. HP: 29/29 MP: 3/3
  1341 | D:2      | Reached XP level 4. HP: 28/35 MP: 4/4
  1484 | D:2      | Noticed Robin
  1495 | D:2      | Killed Robin
  2141 | D:3      | Reached skill level 3 in Axes
  2261 | D:3      | Reached XP level 5. HP: 38/41 MP: 5/5
  2994 | D:4      | Got a slimy leather armour
  3012 | D:3      | Identified the +4 leather armour of the Twelve Spirits {rN+
                  | Int+2 Slay-6} (You found it on level 4 of the Dungeon)
  3123 | D:4      | Noticed Natasha
  3134 | D:4      | Gained mutation: You are surrounded by a mild repulsion
                  | field. (EV +2) [demonic ancestry]
  3134 | D:4      | Reached XP level 6. HP: 22/47 MP: 6/6
  3136 | D:4      | Killed Natasha
  3146 | D:4      | Reached skill level 4 in Axes
  3358 | D:4      | Noticed a sky beast
  3379 | D:4      | Killed a sky beast
  3379 | D:4      | Reached skill level 1 in Dodging
  3465 | D:4      | Noticed Natasha
  3476 | D:4      | Killed Natasha
  3541 | D:4      | Gained mutation: Your flesh is cold resistant. (rC+)
                  | [demonic ancestry]
  3541 | D:4      | Reached XP level 7. HP: 53/53 MP: 7/7
  3550 | D:4      | Got a crude buckler
  3551 | D:4      | Noticed Natasha
  3560 | D:4      | Killed Natasha
  3883 | D:4      | Reached skill level 5 in Axes
  3927 | D:5      | Entered Level 5 of the Dungeon
  3944 | D:5      | Found an ancient bone altar of Kikubaaqudgha.
  4677 | D:5      | Found a staircase to the Ecumenical Temple.
  5048 | Temple   | Entered the Ecumenical Temple
  5152 | Temple   | Became a worshipper of Warmaster Okawaru
  5264 | D:6      | Reached skill level 6 in Axes
  5264 | D:6      | Reached skill level 5 in Armour
  5264 | D:6      | Reached XP level 8. HP: 24/61 MP: 8/8
  5395 | D:6      | Identified the cursed -7 buckler of Stained Tender Moments
                  | {rPois rF- MR++ Int+2} (You found it on level 4 of the
                  | Dungeon)
  5538 | D:6      | Found a radiant altar of Vehumet.
  5768 | D:6      | Noticed a hippogriff
  5786 | D:6      | HP: 3/61 [hippogriff (2)]
  5786 | D:6      | Slain by a hippogriff
  5787 | D:6      | Reached XP level 7. HP: -3/55 MP: 0/7
  5810 | D:6      | Quit the game

Skill      XL: |  1  2  3  4  5  6  7 |
---------------+----------------------+-----
Axes           | 2 3 4 6 |  6.6
Armour         | 3 4 5 |  5.5
Shields        | 3 4 |  4.9
Dodging        | 1 |  1.8
Fighting       | 4 |  4.8
Stealth        | |  0.8

Action                   |  1- 3 |  4- 6 |  7- 9 || total
-------------------------+-------+-------+-------++-------
Melee: War axe           |    80 |   222 |   158 ||   460
  Use: Scroll            |       |     4 |     1 ||     5
       Potion            |       |     5 |     1 ||     6
  Eat: Chunk             |     4 |    15 |    12 ||    31
Armor: Scale mail        |    46 |   123 |    61 ||   230
Dodge: Dodged            |    15 |    61 |    58 ||   134
Block: Medium shield     |    42 |   135 |   103 ||   280
